 Dungeon Crawl Stone Soup version 0.22-a0-410-g97be04f (webtiles) character file.

21 galech the Poker (level 2, 0/26 HPs)
             Began as a Gnoll Wanderer on May 11, 2018.
             Slain by a kobold (1 damage)
             ... on level 2 of the Dungeon.
             The game lasted 00:01:21 (691 turns).

galech the Poker (Gnoll Wanderer)                    Turns: 691, Time: 00:01:21

Health: 0/26       AC:  3    Str: 14    XL:     2   Next: 83%
Magic:  5/5        EV: 12    Int: 16    God:
Gold:   13         SH:  0    Dex: 12    Spells: 6/6 levels left

rFire    . . .     SeeInvis .   l - -2 hand crossbow (curse)
rCold    . . .     Gourm    .   (no shield)
rNeg     . . .     Faith    .   c - +1 robe
rPois    .         Spirit   .   (no helmet)
rElec    .         Reflect  .   (no cloak)
rCorr    .         Harm     .   (no gloves)
MR       .....                  (no boots)
Stlth    +.........             (no amulet)
HPRegen  0.08/turn              h - ring of loudness (curse)
MPRegen  0.09/turn              (no ring)

@: no status effects
A: distributed training, fangs 1, strong nose
a: no special abilities


You were on level 2 of the Dungeon.
You were not hungry.

You visited 1 branch of the dungeon, and saw 2 of its levels.

You collected 13 gold pieces.

Inventory:

Hand Weapons
 a - a +2 spear
 d - a +0 dagger
 l - a cursed -2 hand crossbow (weapon)
Armour
 c - a +1 robe (worn)
Jewellery
 h - a cursed ring of loudness (left hand)
Scrolls
 b - 4 scrolls of teleportation
 j - 3 scrolls of enchant armour
Potions
 e - a potion of mutation {unknown}
 i - 3 potions of curing {unknown}
Comestibles
 f - 2 rations
 g - a chunk of flesh


   Skills:
 + Level 4.5 Fighting
 + Level 0.5 Short Blades
 + Level 0.5 Long Blades
 + Level 0.5 Axes
 + Level 0.5 Maces & Flails
 + Level 4.5 Polearms
 + Level 0.5 Staves
 + Level 0.5 Slings
 + Level 0.5 Bows
 + Level 0.5 Crossbows
 + Level 0.5 Throwing
 + Level 0.5 Armour
 + Level 2.5 Dodging
 + Level 4.1 Stealth
 + Level 0.5 Shields
 + Level 0.5 Unarmed Combat
 + Level 2.7 Spellcasting
 + Level 0.3 Conjurations
 + Level 0.3 Hexes
 + Level 0.3 Charms
 + Level 0.3 Summonings
 + Level 0.3 Necromancy
 + Level 3.7 Translocations
 + Level 0.3 Transmutations
 + Level 0.3 Fire Magic
 + Level 0.3 Ice Magic
 + Level 0.3 Air Magic
 + Level 0.3 Earth Magic
 + Level 0.3 Poison Magic
 + Level 0.6 Invocations
 + Level 0.5 Evocations


You had 6 spell levels left.
You didn't know any spells.

Dungeon Overview and Level Annotations

Branches:
Dungeon (2/15)

Altars:
Ashenzari
Xom


Innate Abilities, Weirdness & Mutations

Your experience applies equally to all skills.
You have very sharp teeth.
Your uncanny sense of smell can sniff out nearby items.


Message History

* * * LOW HITPOINT WARNING * * *
You clumsily bash the kobold but do no damage.
The kobold hits you but does no damage.
You clumsily bash the kobold but do no damage.
The kobold completely misses you. The kobold closely misses you.
You clumsily bash the kobold but do no damage.
The kobold closely misses you.
You barely miss the kobold. Your bite misses the kobold. The kobold hits you.
* * * LOW HITPOINT WARNING * * *
The kobold misses you.
You clumsily bash the kobold but do no damage.
The kobold hits you.
* * * LOW HITPOINT WARNING * * *
You closely miss the kobold. The kobold barely misses you. x2
You clumsily bash the kobold but do no damage.
The kobold hits you.
* * * LOW HITPOINT WARNING * * *
You clumsily bash the kobold but do no damage.
The kobold closely misses you. The kobold hits you.
You die...

.. ∆ #. #.###
#.... ...#
#####.#######
#...)b......#
#.###K#####.#
#@# #.# ... ∆
#####


You could see a bat and a kobold.

Vanquished Creatures
  A dart slug (D:1)
  A giant cockroach (D:1)
  3 goblins
  A hobgoblin (D:1)
  2 jackals (D:1)
  2 kobolds (D:1)
  4 bats (D:1)
  3 frilled lizards (D:1)
  2 rats
19 creatures vanquished.

Notes
Turn   | Place    | Note
-------+----------+-------------------------------------------
     0 | D:1      | galech the Gnoll Wanderer began the quest for the Orb.
     0 | D:1      | galech set off with: a +2 spear, 2 scrolls of teleportation, a +0 robe, a +0 dagger, a ration
     0 | D:1      | Reached XP level 1. HP: 20/20 MP: 4/4
    48 | D:1      | Reached XP level 2. HP: 26/26 MP: 5/5
   572 | D:2      | Found a shimmering altar of Xom.
   633 | D:2      | Found a shattered altar of Ashenzari.
   688 | D:2      | HP: 1/26 [kobold (1)]
   691 | D:2      | Slain by a kobold

Vault maps used:
D:1:      minmay_arrival_semitransparent
D:2:      old_standard_altar, xom_teletrap_fun

Action                   || total
-------------------------++-------
Melee: Spear             ||    58
       Bite              ||     5
       Hand crossbow     ||    34
  Use: Scroll            ||     2
 Stab: Sleeping          ||     3
Armor: Robe              ||    18
Dodge: Dodged            ||    55

Table legend:
 A = Spawn XP
 B = Non-spawn XP
 C = Spawn XP percentage of total XP
 D = Spawn monster count
 E = Non-spawn monster count
 F = Spawn count percentage of total count
 G = Total turns spent on level
                    A         B        C        D         E        F      G
               +---------+---------+-------+---------+---------+-------+---------
         Total |       0 |      30 |   0.0 |       0 |      19 |   0.0 |   691
               +---------+---------+-------+---------+---------+-------+---------
           D:1 |       0 |      27 |   0.0 |       0 |      17 |   0.0 |   550
           D:2 |       0 |       3 |   0.0 |       0 |       2 |   0.0 |   141
               +---------+---------+-------+---------+---------+-------+---------
